 Dungeon Crawl Stone Soup version 0.29-a0-872-g797fff5ad1 (webtiles) character file.

Game seed: 15156381529472900316

(classic levelgen) 1939 Amnesiac the Covert (level 8, 0/52 HPs)
             Began as a Vampire Enchanter on July 18, 2022.
             Was a Believer of Dithmenos.
             Slain by an orc
             ... wielding a +0 mace
              (2 damage)
             ... on level 6 of the Dungeon.
             The game lasted 00:21:22 (4415 turns).

Amnesiac the Covert (Vampire Enchanter)             Turns: 4415, Time: 00:21:23

Health: 0/52       AC:  0    Str:  7    XL:     8   Next: 97%
Magic:  6/11       EV: 12    Int: 20    God:    Dithmenos [**....]
Gold:   309        SH: 11    Dex: 20    Spells: 0/11 levels left

rFire   . . .      SeeInvis +   q - +0 dagger (flame)
rCold   . . .      Faith    .   o - +0 buckler
rNeg    . . .      Spirit   .   b - +0 robe
rPois   .          Reflect  +   I - +0 helmet
rElec   .          Harm     .   (no cloak)
rCorr   .          Rampage  .   D - +0 pair of gloves
Will    .....                   (no boots)
Stlth   +++++.....              E - amulet of reflection
HPRegen 0.37/turn               e - +6 ring of dexterity
MPRegen 0.12/turn               (no ring)

@: confusing by touch, corroded, healing quickly, wreathed by umbra, invisible
A: alive, fangs 3, see invisible, vampiric 2
a: Exsanguinate, Renounce Religion, Shadow Step


You were on level 6 of the Dungeon.
You worshipped Dithmenos.
Dithmenos was pleased with you.
You visited 2 branches of the dungeon, and saw 7 of its levels.

You collected 309 gold pieces.

Inventory:

Hand Weapons
 q - a +0 dagger of flaming (weapon)
 t - a +0 dagger of distortion
 w - a +0 short sword of draining
Missiles
 y - 3 javelins
 J - a curare-tipped dart (quivered)
Armour
 b - a +0 robe (worn)
 o - a +0 buckler (worn)
 D - a +0 pair of gloves (worn)
 I - a +0 helmet (worn)
Jewellery
 e - a +6 ring of dexterity (left hand)
 n - an amulet of guardian spirit
 p - a ring of willpower
 A - a ring of resist corrosion
 E - an amulet of reflection (around neck)
Wands
 z - a wand of digging (5)
 B - a wand of acid (11)
 K - a wand of iceblast (12)
Scrolls
 a - a scroll of poison {!r, unknown}
 d - 2 scrolls of enchant weapon {!r, unknown}
 g - a scroll of silence {!r, unknown}
 h - a scroll of noise {!r, unknown}
 j - 4 scrolls of vulnerability {!r, unknown}
 k - 3 scrolls of identify {!r, unknown}
 s - a scroll of brand weapon {!r, unknown}
 v - a scroll of magic mapping {!r, unknown}
 x - a scroll of acquirement {!r, unknown}
 F - a scroll of torment {!r, unknown}
 G - 2 scrolls of blinking {!r, unknown}
 H - a scroll of teleportation {!r, unknown}
Potions
 c - a potion of invisibility {!q}
 f - a potion of brilliance {!q, unknown}
 i - a potion of mutation {!q, unknown}
 l - 3 potions of heal wounds {!q, unknown}
 m - 2 potions of curing {!q}
 r - a potion of resistance {!q, unknown}
 u - a potion of cancellation {!q, unknown}
 C - 3 potions of degeneration {!q, unknown}


   Skills:
 - Level 8.0 Short Blades
 - Level 2.1 Dodging
 - Level 8.0 Stealth
 - Level 5.0 Shields
 - Level 2.0 Spellcasting
 - Level 8.0 Hexes
 + Level 1.9 Invocations
 + Level 1.9 Evocations


You couldn't memorise any spells.
You knew the following spells:

 Your Spells              Type           Power      Damage    Failure   Level
a - Ensorcelled Hibernat  Hex/Ice        36%        N/A       6%          2
d - Dazzling Flash        Conj/Hex       36%        N/A       12%         3
w - Tukima's Dance        Hex            34%        N/A       2%          3
z - Confusing Touch       Hex            34%        N/A       2%          3

Your spell library contained the following spells:

 Spells                   Type           Power      Damage    Failure   Level
 Conjure Flame            Conj/Fire      2%         6-21      52%         3
 Ignite Poison            Fire/Tmut/Pois 2%         N/A       52%         3
 Ozocubu's Armour         Ice            2%         N/A       52%         3
 Sticky Flame             Conj/Fire      2%         2d3       89%         4
 Ozocubu's Refrigeration  Ice            1%         4d5       100%        7


Dungeon Overview and Level Annotations

Branches:
Dungeon (6/15)             Temple (1/1) D:4

Altars:
Ashenzari
Dithmenos
Hepliaklqana
Kikubaaqudgha
Nemelex Xobeh
Okawaru
Qazlal
Ru
Trog
Uskayaw
Vehumet
Yredelemnul

Shops:
D:2 :   D:4 *


Innate Abilities, Weirdness & Mutations

Your natural rate of healing is accelerated.
You have razor-sharp teeth.
You have supernaturally acute eyesight. (SInv)
You are afflicted with vampirism and can become a bat while bloodless.


Message History

You're too confused to move!
The orc misses you. The orc wizard closely misses you.
The orc wizard attacks as you move away!
The orc wizard closely misses you.
You feel less confused.
Casting: Confusing Touch (dangerous; 2% risk of failure)
Confirm with . or Enter, or press ? or * to list all spells.
Casting: Dazzling Flash (dangerous; 12% risk of failure)
Press: ? - help, Dir - look around, f - activate Look: an orc priest, wielding a +0 club and wearing a +0 scale mail (umbra, chance to dazzle: 62%)
The orc is dazzled.
The orc hits you with a +0 hand axe!
* * * LOW HITPOINT WARNING * * *
You hit the orc. You burn the orc.
The orc is moderately wounded.
You catch the helpless orc completely off-guard!
You spit the orc like a pig!!! You burn the orc.
You kill the orc!
Dithmenos accepts your kill. The jelly hits you.
* * * LOW HITPOINT WARNING * * *
The acid corrodes you!
You are splashed with acid!
* * * LOW HITPOINT WARNING * * *
Really quaff
m - 4 potions of curing {!q}? [Y]es or [N]o only, please.
Really quaff
m - 4 potions of curing {!q}?
You feel better. The jelly closely misses you.
Casting: Dazzling Flash (dangerous; 12% risk of failure)
Confirm with . or Enter, or press ? or * to list all spells.
Your hands begin to glow red.
You block the jelly's attack.
The orc priest mumbles some strange prayers to Beogh against you.
Beogh smites you!
* * * LOW HITPOINT WARNING * * *
You hit the jelly but do no damage.
Your hands burn!
* * * LOW HITPOINT WARNING * * *
You block the jelly's attack. The orc hits you with a +0 mace.
* * * LOW HITPOINT WARNING * * *
Really quaff
m - 3 potions of curing {!q}?
Okay, then.
Unknown command.
Aiming: Corrosive Bolt
Press: ? - help, Shift-Dir - straight line, f/p - orc priest
Aim: an orc priest, wielding a +0 club and wearing a +0 scale mail (chance to confuse on hit: 62%, 75% to hit)
The bolt of acid hits the jelly.
The jelly completely resists.
The bolt of acid hits the orc wizard!
The acid corrodes the orc wizard!
The orc wizard is heavily wounded.
The bolt of acid hits the orc priest!
The acid corrodes the orc priest!
You kill the orc priest!
Dithmenos accepts your kill. You block the orc's attack. The jelly hits you.
* * * LOW HITPOINT WARNING * * *
You are splashed with acid!
* * * LOW HITPOINT WARNING * * *
Really quaff
m - 3 potions of curing {!q}?
You feel better. You block the jelly's attack. You block the orc's attack.
The orc wizard casts a spell.
The orc wizard flickers and vanishes for a moment.
Really quaff
c - 2 potions of invisibility {!q}?
You fade into invisibility!
The jelly hits you.
* * * LOW HITPOINT WARNING * * *
You are splashed with acid!
* * * LOW HITPOINT WARNING * * *
The orc hits you with a +0 mace.
You die...

#......................)###
#.......................#
#.........#####.........#
#.........#####.........###
###########................
#####................
#o)..........####....
##########'###o########
#.... #.........)oJ@.# ....
#...........#### ....
#............... ..
#................
#...........#####
#...........# #...........#
#...........# #...........#


You could see a jelly, an orc wizard (invisible, unable to see you, corroded)
and an orc (unable to see you).

Vanquished Creatures
  An ice beast (D:5)
  2 black bears
  A centaur (D:5)
  2 ogres (D:6)
  A kobold brigand (D:5)
  A gnoll sergeant (D:4)
  3 necrophages
  A scorpion (D:5)
  A water moccasin zombie (D:4)
  A wight (D:4)
  5 killer bees
  2 centaur zombies (D:4)
  A human zombie (D:4)
  2 hounds
  3 jellies
  2 orc priests
  A gnoll bouda (D:6)
  Jessica (D:2)
  2 iguanas (D:4)
  An orc wizard (D:2)
  3 mummies (D:4)
  6 gnolls
  5 adders
  A white imp (D:6)
  An ufetubus (D:6)
  2 adder zombies (D:4)
  3 worms
  5 dart slugs
  13 orcs
  10 ball pythons
  5 endoplasms
  6 giant cockroaches
  12 goblins
  7 hobgoblins
  7 jackals (D:2)
  5 quokkas
  5 bats
  4 frilled lizards (D:2)
  7 kobolds
  6 rats
147 creatures vanquished.

Vanquished Creatures (others)
  A dancing weapon (D:6)
1 creature vanquished.

Grand Total: 148 creatures vanquished

Notes
Turn   | Place    | Note
-------+----------+-------------------------------------------
     0 | D:1      | Amnesiac the Vampire Enchanter began the quest for the Orb.
     0 | D:1      | Reached XP level 1. HP: 13/13 MP: 3/3
   215 | D:1      | Reached skill level 5 in Stealth
   222 | D:1      | Reached XP level 2. HP: 14/19 MP: 5/5
   225 | D:1      | Learned a level 2 spell: Ensorcelled Hibernation
   303 | D:1      | Found a faded altar of an unknown god.
   674 | D:2      | Reached skill level 5 in Hexes
   702 | D:2      | Gained mutation: You are afflicted with vampirism and can
                  | become a bat while bloodless. [Vampire growth]
   702 | D:2      | Reached XP level 3. HP: 24/24 MP: 2/6
   792 | D:2      | Learned a level 3 spell: Confusing Touch
  1057 | D:2      | Reached XP level 4. HP: 30/30 MP: 7/7
  1072 | D:2      | Found Qanliogy's Book Emporium.
  1537 | D:2      | Noticed Jessica
  1570 | D:2      | Killed Jessica
  1944 | D:3      | Reached XP level 5. HP: 35/35 MP: 2/8
  2538 | D:4      | Found a staircase to the Ecumenical Temple.
  2547 | Temple   | Entered the Ecumenical Temple
  2571 | Temple   | Became a worshipper of Dithmenos the Shadowed
  2796 | D:4      | Reached skill level 1 in Shields
  2796 | D:4      | Reached XP level 6. HP: 41/41 MP: 6/9
  2893 | D:4      | Found an ancient bone altar of Kikubaaqudgha.
  2973 | D:4      | Reached XP level 7. HP: 46/46 MP: 5/10
  3081 | D:4      | Found Ftrilenari's Fabulous Fripperies.
  3201 | D:5      | Entered Level 5 of the Dungeon
  3256 | D:4      | Reached * piety under Dithmenos
  3425 | D:5      | Reached XP level 8. HP: 52/52 MP: 1/11
  3435 | D:5      | Reached skill level 5 in Short Blades
  3754 | D:5      | Reached skill level 5 in Shields
  3981 | D:5      | Learned a level 3 spell: Tukima's Dance
  4172 | D:6      | Reached ** piety under Dithmenos
  4173 | D:6      | Reached skill level 1 in Invocations
  4173 | D:6      | Reached skill level 1 in Evocations
  4314 | D:6      | Learned a level 3 spell: Dazzling Flash
  4415 | D:6      | HP: 2/52 [acid (9)]
  4415 | D:6      | Slain by an orc

Illustrated notes

Levels and vault maps discovered:
D:1:      onia_arrival_mini_spirals, layout_basic,
          shapermc_ecumenical_altar_mp_ritualfount, serial_bayou_ford_a
D:2:      minmay_door_path, layout_basic, serial_shops, shop, minivault_27,
          minmay_between, uniq_jessica
D:3:      layout_basic, minmay_misc_feat_rows, hangedman_feature_mirror
D:4:      layout_cave_pools, lemuel_mausoleum_altar_kikubaaqudgha,
          minmay_temple_entry_overgrown, nicolae_alphabet_shops
D:5:      layout_cave_pools, mainiacjoe_overflow_24_doors,
          dreamdust_wishing_well
D:6:      layout_basic, mainiacjoe_overflow_swirl, skrybe_limestone_x
Temple:   nicolae_temple_ecumenical_triangle

Skill      XL: |  1  2  3  4  5  6  7  8 |
---------------+-------------------------+-----
Stealth        | 5 6 7 8 |  8.0
Hexes          | 5 7 8 |  8.0
Shields        | 1 3 4 5 |  5.0
Short Blades   | 2 4 8 |  8.0
Invocations    | 1 |  1.9
Evocations     | 1 |  1.9
Dodging        | |  2.1
Spellcasting   | |  2.0

Action                   |  1- 3 |  4- 6 |  7- 9 || total
-------------------------+-------+-------+-------++-------
Melee: Dagger            |   114 |   105 |    68 ||   287
       Bite              |    10 |    12 |     1 ||    23
       Punch             |     1 |       |       ||     1
       Short sword       |       |    53 |       ||    53
Throw: Javelin           |     1 |       |     1 ||     2
       Dart              |       |       |     1 ||     1
 Cast: Ensorcelled Hiber |     8 |    11 |    35 ||    54
       Confusing Touch   |     1 |     4 |     6 ||    11
       Tukima's Dance    |       |       |     2 ||     2
       Dazzling Flash    |       |       |     2 ||     2
Evoke: Wand              |       |       |     2 ||     2
  Use: Potion            |       |       |     3 ||     3
 Stab: Sleeping          |    11 |    25 |    33 ||    69
       Confused          |       |     4 |     5 ||     9
       Invisible         |       |       |     2 ||     2
       Distracted        |       |       |     1 ||     1
Armor: Robe              |    11 |    11 |     9 ||    31
Dodge: Dodged            |    59 |    63 |    39 ||   161
Block: Buckler           |    19 |    67 |    55 ||   141
       Reflection        |     1 |       |       ||     1

Table legend: (Time is in decaauts)
 A = Elapsed time spent in this place.
 B = Non-inter-level travel time spent in this place.
 C = Inter-level travel time spent in this place.
 D = Time resting spent in this place.
 E = Time spent auto-exploring this place.
 F = Levels seen in this place.
 G = Mean time per level.
                   A        B        C        D        E       F      G
               +--------+--------+--------+--------+--------+-----+--------+
         Total |   4412 |   4218 |    194 |    223 |   2636 |   7 |  630.3 |
       Dungeon |   4372 |   4178 |    194 |    223 |   2636 |   6 |  728.7 |
        Temple |     39 |     39 |      0 |      0 |      0 |   1 |   39.0 |
               +--------+--------+--------+--------+--------+-----+--------+

Top non-repeatable levels by time:
     D:2: 1217 daAuts
     D:4: 834 daAuts
     D:1: 663 daAuts
     D:5: 617 daAuts
     D:3: 615 daAuts
     D:6: 425 daAuts
  Temple: 39 daAuts
